 Dungeon Crawl Stone Soup version 0.26.1-11-gd32895ea62 (webtiles) character file.

Game seed: 350203701903847157

253 Gwenloh the Chiller (level 6, -10/45 HPs)
             Began as a Ghoul Ice Elementalist on May 18, 2021.
             Was an Initiate of Gozag.
             Mangled by an orc warrior
             ... wielding a +0 trident
              (17 damage)
             ... on level 7 of the Dungeon.
             The game lasted 00:15:19 (3906 turns).

Gwenloh the Chiller (Ghoul Ice Elementalist)        Turns: 3906, Time: 00:15:19

Health: -10/45     AC:  3    Str: 12    XL:     6   Next: 14%
Magic:  7/7        EV: 12    Int: 12    God:    Gozag
Gold:   310        SH:  0    Dex: 11    Spells: 4/8 levels left

rFire    . . .     SeeInvis .   a - +0 dagger (freeze)
rCold    + . .     Faith    .   (no shield)
rNeg     + + +     Spirit   .   C - +1 robe of Nangal {Dex+2} (curse)
rPois    ∞         Reflect  .   (no helmet)
rElec    .         Harm     .   (no cloak)
rCorr    .         Rampage  .   (no gloves)
Will     .....                  (no boots)
Stlth    ++........             (no amulet)
HPRegen  0.00/turn              (no ring)
MPRegen  0.10/turn              (no ring)

@: no status effects
A: claws 1, cold resistance 1, negative energy resistance 3, inhibited
regeneration, torment resistance, unbreathing
a: Renounce Religion, Potion Petition, Call Merchant, Bribe Branch


You were on level 7 of the Dungeon.
You worshipped Gozag.
Gozag was aware of your devotion.
You visited 1 branch of the dungeon, and saw 5 of its levels.

You collected 318 gold pieces.
You paid 8 gold pieces to Gozag.

Inventory:

Hand Weapons
 a - a +0 dagger of freezing (weapon)
 b - a +0 hunting sling
Missiles
 g - 82 stones
 p - 15 poisoned darts (quivered)
 B - 18 sling bullets
Armour
 c - a +0 leather armour
 f - a +0 robe
 m - a +0 buckler
 z - a +0 cloak
 C - the cursed +1 robe of Nangal (worn) {Dex+2}
   (You found it on level 4 of the Dungeon)

   It affects your dexterity (+2).
   It has a curse placed upon it.
Jewellery
 u - an uncursed ring of protection from fire {unknown}
Wands
 x - a wand of iceblast (6)
Scrolls
 e - 2 scrolls of teleportation {unknown}
 k - a scroll of identify {unknown}
 n - 3 scrolls of remove curse {unknown}
 o - a scroll of fear {unknown}
 q - a scroll of amnesia {unknown}
 r - 2 scrolls of immolation {unknown}
 s - a scroll of noise {unknown}
 t - a scroll of fog {unknown}
 y - a scroll of enchant weapon {unknown}
 A - a scroll of blinking {unknown}
Potions
 d - 2 potions of magic {unknown}
 h - 3 potions of curing {unknown}
 i - a potion of mutation {unknown}
 j - a potion of flight {unknown}
 l - a potion of lignification {unknown}
 v - a potion of attraction {unknown}
 w - 2 potions of ambrosia {unknown}


   Skills:
 - Level 1.7 Dodging
 - Level 2.1 Stealth
 - Level 1.7 Spellcasting
 + Level 7.9 Ice Magic


You had 4 spell levels left.
You knew the following spells:

 Your Spells              Type           Power        Failure   Level
a - Freeze                Ice            80%          1%          1
b - Frozen Ramparts       Ice            40%          3%          3

Your spell library contained the following spells:

 Spells                   Type           Power        Failure   Level
 Ozocubu's Armour         Ice            20%          3%          3
 Hailstorm                Conj/Ice       10%          47%         4
 Summon Ice Beast         Ice/Summ       10%          47%         4


Dungeon Overview and Level Annotations

Branches:
Dungeon (4/15)
 Temple: D:4-7

Altars:
Gozag


Innate Abilities, Weirdness & Mutations

You thrive by killing the living.
You are immune to poison.
You have sharp fingernails.
Your flesh is cold resistant. (rC+)
You are immune to negative energy. (rN+++)
You do not regenerate when monsters are visible.
You are immune to unholy pain and torment.
You can survive without breathing.


Message History

The necrophage is heavily damaged.
An orc comes into view.
The necrophage barely misses you. The orc warrior misses you.
An orc priest comes into view. It is wielding a +0 war axe.
The orc priest shouts!
The orc shouts!
You hit the necrophage but do no damage.
The necrophage is heavily damaged.
The necrophage misses you. The orc warrior completely misses you.
You barely miss the necrophage.
The necrophage is heavily damaged.
An orc comes into view.
It is wielding a +0 hand axe and carrying a wand of iceblast (6).
The necrophage closely misses you.
The orc priest calls down the wrath of Beogh upon you.
Beogh smites you!
* * * LOW HITPOINT WARNING * * *
The necrophage hits you.
* * * LOW HITPOINT WARNING * * *
The orc warrior hits you from afar with a +0 trident!
You die...
Your body crumbles into a pile of gold.

#.### #.#.######
........# #.......#
##......# #####
#...##.####...#
###......#......##
..........#.......#
...#........@......#
.. #.......##.n...## .
............o..## ##
.##.............## #..
#..............##....
.............o...#....
##...........o....# .
........#####....#...
....#...# #........


You could see an orc warrior, a necrophage, an orc priest and an orc.

Vanquished Creatures
  A hound (D:3)
  An orc priest (D:4)
  An orc wizard (D:4)
  A worker ant (D:2)
  5 adders
  A white imp (D:7)
  2 oozes
  2 worms (D:3)
  2 dart slugs (D:1)
  2 leopard geckos (D:2)
  11 orcs
  4 giant cockroaches
  6 goblins
  5 hobgoblins
  2 jackals (D:3)
  6 kobolds
  A quokka (D:2)
  5 bats
  6 frilled lizards
  5 rats
69 creatures vanquished.

Notes
Turn   | Place    | Note
-------+----------+-------------------------------------------
     0 | D:1      | Gwenloh the Ghoul Ice Elementalist began the quest for the
                  | Orb.
     0 | D:1      | Reached XP level 1. HP: 14/14 MP: 2/2
   314 | D:1      | Reached XP level 2. HP: 20/20 MP: 0/3
   617 | D:1      | Reached skill level 5 in Ice Magic
  1316 | D:1      | Reached XP level 3. HP: 26/26 MP: 2/4
  1478 | D:1      | Learned a level 3 spell: Frozen Ramparts
  1815 | D:2      | Reached skill level 6 in Ice Magic
  1993 | D:2      | Reached XP level 4. HP: 33/33 MP: 5/5
  2194 | D:2      | Found an opulent altar of Gozag.
  2209 | D:2      | Became a worshipper of Gozag Ym Sagoz the Greedy
  2404 | D:3      | Reached XP level 5. HP: 25/38 MP: 1/6
  2673 | D:3      | Reached skill level 7 in Ice Magic
  3521 | D:4      | Reached XP level 6. HP: 15/45 MP: 0/7
  3816 | D:4      | Got a smoking robe
  3827 | D:4      | Identified the cursed +1 robe of Nangal {Dex+2} (You found
                  | it on level 4 of the Dungeon)
  3830 | D:4      | You fall into a shaft and drop 3 floors!
  3875 | D:7      | Noticed a necrophage
  3887 | D:7      | Noticed an orc warrior
  3906 | D:7      | Mangled by an orc warrior

Illustrated notes

Levels and vault maps discovered:
D:1:      dpeg_arrival_long_road, layout_basic
D:2:      layout_rooms, grunt_gozag_breadcrumbs
D:3:      layout_loops_ring
D:4:      cheibrodos_pilgrimage, layout_basic, trog_hazing_becter
D:7:      layout_cave_pools, kennysheep_little_box, kennysheep_mini

Skill      XL: |  1  2  3  4  5 |
---------------+----------------+-----
Ice Magic      | 5 6 7 |  7.9
Dodging        | |  1.7
Stealth        | |  2.1
Spellcasting   | |  1.7

Action                   |  1- 3 |  4- 6 || total
-------------------------+-------+-------++-------
Melee: Dagger            |    35 |    29 ||    64
 Fire: Hunting sling     |    30 |    79 ||   109
Throw: Dart              |       |     1 ||     1
 Cast: Freeze            |    28 |    27 ||    55
       Frozen Ramparts   |       |     4 ||     4
Evoke: Wand              |       |     1 ||     1
Armor: Robe              |     5 |     1 ||     6
Dodge: Dodged            |    34 |    36 ||    70
